 Dungeon Crawl Stone Soup version 0.28.0-43-g3370ac3207 (webtiles) character file.

Game seed: 9681558874249826898

151 adizb the Cutter (level 5, -5/26 HPs)
             Began as a Vampire Gladiator on Mar 13, 2022.
             Slain by a gnoll
             ... wielding a +0 flail
              (10 damage)
             ... on level 3 of the Dungeon.
             The game lasted 00:10:58 (2151 turns).

adizb the Cutter (Vampire Gladiator)                Turns: 2151, Time: 00:10:58

Health: -5/26      AC:  4    Str: 12 (13) XL:     5   Next: 11%
Magic:  5/5        EV: 13    Int:  9 (10) God:
Gold:   12         SH:  0    Dex: 18      Spells: 4/4 levels left

rFire   + . .      SeeInvis +   e - +1 dagger (pain)
rCold   + + .      Faith    .   (no shield)
rNeg    + + +      Spirit   .   g - +0 leather armour
rPois   ∞          Reflect  .   o - +0 helmet {SInv}
rElec   .          Harm     .   (no cloak)
rCorr   .          Rampage  .   (no gloves)
Will    .....                   (no boots)
Stlth   ++++......              (no amulet)
HPRegen 0.00/turn               m - ring of protection from fire
MPRegen 0.09/turn               (no ring)

@: bloodless, inhibited regen
A: bloodless, fangs 3, see invisible, vampiric 2, [frail 1]
a: Bat Form, Revivify


You were on level 3 of the Dungeon.
You visited 1 branch of the dungeon, and saw 3 of its levels.

You collected 12 gold pieces.

Inventory:

Hand Weapons
 a - a +0 rapier
 e - a +1 dagger of pain (weapon)
Missiles
 d - 3 throwing nets (quivered)
Armour
 b - a +0 leather armour
 c - a +0 helmet
 g - a +0 leather armour (worn)
 o - a +0 helmet of see invisible (worn)
Jewellery
 m - a ring of protection from fire (left hand)
Scrolls
 f - a scroll of blinking {unknown}
 h - 2 scrolls of teleportation {unknown}
 i - a scroll of acquirement {unknown}
 j - a scroll of enchant armour {unknown}
 l - a scroll of identify {unknown}
Potions
 k - a potion of ambrosia {unknown}
 n - a potion of berserk rage {unknown}


   Skills:
 + Level 2.3 Fighting
 * Level 4.2 Short Blades
 - Level 1.5 Throwing
 + Level 1.0 Armour
 * Level 3.8 Dodging
 * Level 3.3 Stealth
 + Level 1.0 Shields
 + Level 1.3 Necromancy


You had 4 spell levels left.
You didn't know any spells.
Your spell library contained the following spells:

 Spells                   Type           Power      Damage    Failure   Level
 Sandblast                Erth           0%         2d4       45%         1
 Passwall                 Tmut/Erth      0%         N/A       61%         2
 Stone Arrow              Conj/Erth      0%         3d7       83%         3


Dungeon Overview and Level Annotations

Branches:
Dungeon (3/15)

Altars:

Shops:
D:1 [   D:2 =


Innate Abilities, Weirdness & Mutations

You do not regenerate when monsters are visible.
You are frail without blood (-20% HP).
You can heal yourself when you bite living creatures.
You are immune to poison.
You have razor-sharp teeth.
You have supernaturally acute eyesight. (SInv)
You are afflicted with vampirism and can become a bat while bloodless.
[You are frail. (-10% HP)]


Message History

A gnoll comes into view. It is wielding a +0 spear.
The gnoll shouts!
A gnoll comes into view. It is wielding a +0 flail.
The gnoll shouts!
The ball python hisses angrily.
You hit the ball python.
You kill the ball python!
You begin bloodletting.
You continue bloodletting. x2
The gnoll hits you from afar with a +0 spear.
Keep bloodletting?
You continue bloodletting.
The gnoll hits you from afar with a +0 spear.
You continue bloodletting.
The gnoll closely misses you.
You continue bloodletting.
The gnoll hits you from afar with a +0 spear!
You become bloodless.
The gnoll hits you with a +0 spear.
You hit the gnoll but do no damage.
The gnoll writhes in agony.
You bite the gnoll.
You draw the gnoll's blood!
You feel better.
The gnoll is moderately wounded.
The gnoll hits you with a +0 spear.
You completely miss the gnoll.
The gnoll is moderately wounded.
The gnoll barely misses you.
You hit the gnoll. You bite the gnoll.
You kill the gnoll!
The gnoll misses you.
You see here a +0 spear.
You barely miss the gnoll. The gnoll hits you with a +0 flail.
You hit the gnoll but do no damage.
The gnoll writhes in agony.
The gnoll is lightly wounded.
The gnoll hits you with a +0 flail!
* * * LOW HITPOINT WARNING * * *
You closely miss the gnoll.
The gnoll is lightly wounded.
The gnoll barely misses you.
You barely miss the gnoll.
The gnoll is lightly wounded.
The gnoll hits you with a +0 flail!
You die...

##...[.#.#######
#.#.###.......#
#....# #.#####.#
#.#..# #.#
......# #.#
#.#.#### #.#
#.#. #.# # #.# #
#@# #.#.######g#
#..........#
#........###
#...###.#
##...###.#
........g##
........g.#
.......†..#


You could see a gnoll.

Vanquished Creatures
  Jessica (D:2)
  Natasha (D:2)
  Robin (D:2)
  A gnoll (D:3)
  An adder (D:2)
  2 worms (D:2)
  A dart slug (D:2)
  5 ball pythons
  5 bats
  5 endoplasms
  A giant cockroach (D:2)
  11 goblins
  12 hobgoblins
  2 quokkas (D:1)
  6 frilled lizards
  7 rats
62 creatures vanquished.

Notes
Turn   | Place    | Note
-------+----------+-------------------------------------------
     0 | D:1      | adizb the Vampire Gladiator began the quest for the Orb.
     0 | D:1      | Reached XP level 1. HP: 16/16 MP: 1/1
   236 | D:1      | Reached skill level 1 in Stealth
   349 | D:1      | Reached XP level 2. HP: 17/17 MP: 2/2
   545 | D:1      | Found a faded altar of an unknown god.
   857 | D:1      | Found Donnuer's Armour Emporium.
  1067 | D:2      | Gained mutation: You are afflicted with vampirism and can
                  | become a bat while bloodless. [Vampire growth]
  1067 | D:2      | Reached XP level 3. HP: 19/21 MP: 3/3
  1121 | D:2      | Found Wugur Titaz's Jewellery Shop.
  1330 | D:2      | Noticed Natasha
  1334 | D:2      | Killed Natasha
  1347 | D:2      | Reached XP level 4. HP: 26/26 MP: 4/4
  1349 | D:2      | Reached skill level 1 in Necromancy
  1701 | D:2      | Noticed Jessica
  1716 | D:2      | Killed Jessica
  1717 | D:2      | Reached skill level 4 in Short Blades
  1717 | D:2      | Reached skill level 1 in Shields
  1923 | D:2      | Noticed Robin
  1937 | D:2      | Reached skill level 1 in Armour
  1968 | D:2      | Killed Robin
  1969 | D:2      | Reached XP level 5. HP: 8/30 MP: 5/5
  2151 | D:3      | Slain by a gnoll

Illustrated notes

Levels and vault maps discovered:
D:1:      denvon_arrival_waterhouse, layout_basic,
          shapermc_ecumenical_altar_notcrosses, serial_shops,
          nicolae_diamond_shop
D:2:      layout_basic, serial_shops, nicolae_shop_waterfront,
          chequers_serial_rivers_large_b, uniq_natasha, uniq_robin, uniq_jessica
D:3:      layout_loops_ring, minmay_misc_feat_x

Skill      XL: |  1  2  3  4 |
---------------+-------------+-----
Stealth        | 1 2 3 |  3.3
Fighting       | 2 |  2.3
Necromancy     | 1 |  1.3
Short Blades   | 4 |  4.2
Shields        | 1 |  1.0
Armour         | 1 |  1.0
Throwing       | |  1.5
Dodging        | |  3.8

Action                   |  1- 3 |  4- 6 || total
-------------------------+-------+-------++-------
Melee: Rapier            |    14 |       ||    14
       Dagger            |    76 |    85 ||   161
       Bite              |     2 |    12 ||    14
       Punch             |       |     1 ||     1
 Abil: Exsanguinate      |     2 |     1 ||     3
       End Transformatio |     1 |       ||     1
       Bat Form          |     1 |       ||     1
       Revivify          |       |     1 ||     1
 Stab: Sleeping          |    18 |     3 ||    21
Armor: Leather armour    |    20 |    14 ||    34
Dodge: Dodged            |    49 |    28 ||    77
